 Dungeon Crawl Stone Soup version 0.17.1-2-g5865329 (webtiles) character file.

177 Moresty the Ruffian (level 5, -3/53 HPs)
             Began as a Troll Berserker on Jan 13, 2016.
             Was a Believer of Trog.
             Slain by a killer bee (10 damage)
             ... on level 3 of the Dungeon.
             The game lasted 00:04:42 (1327 turns).

Moresty the Ruffian (Troll Berserker)               Turns: 1327, Time: 00:04:45

Health: -3/53      AC:  5    Str: 26    XL:     5   Next: 31%
Magic:  11/13      EV: 10    Int:  3    God:    Trog [**....]
Gold:   162        SH:  0    Dex:  9    Spells: 0 memorised, 4 levels left

rFire  . . .     SeeInvis .       - Unarmed
rCold  . . .     Clarity  .     a - +0 animal skin
rNeg   + . .     SustAt   .     (no shield)
rPois  .         Gourm    +     (helmet restricted)
rElec  .         Spirit   .     (no cloak)
rCorr  .         Warding  .     (gloves unavailable)
rMut   .         Stasis   .     (boots unavailable)
MR     .....                    (no amulet)
Stlth  +.........               q - ring of magical power
                                e - ring of positive energy

@: lethally poisoned (-3 -> -7), exhausted, slowed, very slow, not resistant to
hostile enchantments, very unstealthy
A: unfitting armour, claws 3, fast metabolism 3, gourmand, regeneration 2,
shaggy fur 1, tough skin 2
a: Berserk, Trog's Hand, Burn Spellbooks, Renounce Religion


You were on level 3 of the Dungeon.
You worshipped Trog.
Trog was pleased with you.
You were full.

You visited 1 branch of the dungeon, and saw 3 of its levels.

You collected 162 gold pieces.

Inventory:

Armour
 a - a +0 animal skin (worn)
Jewellery
 e - a ring of positive energy (left claw)
 l - an uncursed ring of sustain attributes
 q - a ring of magical power (right claw)
Wands
 p - a wand of random effects (29)
Scrolls
 c - a scroll of random uselessness {unknown}
 d - 4 scrolls of identify
 f - a scroll of enchant armour {unknown}
 h - a scroll of remove curse {unknown}
 j - 2 scrolls of amnesia {unknown}
 m - a scroll of magic mapping {unknown}
Potions
 i - 2 potions of curing
 k - a potion of might {unknown}
 n - a potion of haste {unknown}
 o - a potion of resistance {unknown}
Comestibles
 b - 5 bread rations
 g - 3 meat rations


   Skills:
 + Level 3.3 Fighting
 - Level 2.6 Dodging
 * Level 5.2 Unarmed Combat


You had 4 spell levels left.
You didn't know any spells.

Dungeon Overview and Level Annotations

Branches:
Dungeon (3/15)

Altars:
Fedhas
Okawaru


Innate Abilities, Weirdness & Mutations

You are too large for most types of armour.
You have claws for hands.
Your metabolism is lightning-fast.
You like to eat raw meat.
You heal very quickly.
You are covered in fur (AC +1).
You have very tough skin (AC +2).


Message History

A killer bee is nearby!
The killer bee buzzes angrily.
Found 13 gold pieces.
The killer bee stings you!
* * * LOW HITPOINT WARNING * * *
You are poisoned.
The killer bee poisons you! The killer bee stings you.
* * * LOW HITPOINT WARNING * * *
You are more poisoned.
The killer bee poisons you!
As you read the scroll labeled VYHOHE BUONAI, it crumbles to dust.
It is a scroll of identify.
Identify which item? (\ to view known items) (? for menu, Esc to quit)
i - 2 potions of curing You feel very sick.
The killer bee buzzes angrily.
You hear an angry buzzing noise.
The killer bee closely misses you. The killer bee stings you.
* * * LOW HITPOINT WARNING * * *
The killer bee stings you!
You die...

#...... ######....
#.#######.........
#.....##..####....
#####...(## ##....
####..######.....
#................
#.####y####...#.###...
#....@y.....(##.......
..........###.....#####.
######..y.##......# #.
#.##.#..##...# ##. #.
#...##....## #..
..#..#.....#..###.#
..$..#####...#.#....
.#### ..#.....<..
.####.......


You could see 3 killer bees.

Vanquished Creatures
  A killer bee (D:3)
  Natasha (thrice) (D:2)
  2 gnolls (D:1)
  3 adders
  An ooze (D:3)
  2 worms (D:2)
  An orc (D:3)
  6 bats
  2 giant cockroaches
  5 hobgoblins
  A giant newt (D:1)
  4 goblins
  6 kobolds
  A rat (D:1)
38 creatures vanquished.

Notes
Turn   | Place    | Note
--------------------------------------------------------------
     0 | D:1      | Moresty the Troll Berserker began the quest for the Orb.
     0 | D:1      | Reached XP level 1. HP: 22/22 MP: 0/0
    62 | D:1      | Reached XP level 2. HP: 23/29 MP: 1/1
   191 | D:1      | Reached XP level 3. HP: 34/36 MP: 2/2
   552 | D:2      | Found an iron altar of Okawaru.
   628 | D:2      | Reached skill level 4 in Unarmed Combat
   710 | D:2      | Reached ** piety under Trog
   847 | D:2      | Noticed Natasha
   855 | D:2      | Killed Natasha
   855 | D:2      | Reached XP level 4. HP: 20/44 MP: 3/3
   888 | D:2      | Noticed Natasha
   910 | D:2      | Killed Natasha
  1105 | D:2      | Noticed Natasha
  1108 | D:2      | Killed Natasha
  1284 | D:3      | Found a blossoming altar of Fedhas.
  1308 | D:3      | Reached skill level 5 in Unarmed Combat
  1308 | D:3      | Reached XP level 5. HP: 20/53 MP: 4/4
  1327 | D:3      | Slain by a killer bee

Action                   |  1- 3 |  4- 6 || total
-------------------------+-------+-------++-------
Melee: Unarmed           |    77 |    52 ||   129
Invok: Berserk           |     1 |     3 ||     4
  Use: Scroll            |       |     1 ||     1
 Stab: Sleeping          |       |     1 ||     1
  Eat: Chunk             |     8 |    11 ||    19
